 Dungeon Crawl Stone Soup version 0.21-a0-440-g28109cb (console) character file.

7 hexaflexagon the Conjurer (level 1, 0/14 HPs)
             Began as a Minotaur Conjurer on Nov 11, 2017.
             Slain by a goblin (4 damage)
             ... on level 1 of the Dungeon.
             The game lasted 00:00:57 (217 turns).

hexaflexagon the Conjurer (Minotaur Conjurer)        Turns: 217, Time: 00:00:58

Health: 0/14       AC:  2    Str: 12    XL:     1   Next: 83%
Magic:  1/2        EV: 12    Int: 12    God:
Gold:   10         SH:  0    Dex: 10    Spells: 2/3 levels left

rFire    . . .     SeeInvis .   (no weapon)
rCold    . . .     Gourm    .   (no shield)
rNeg     . . .     Faith    .   a - +0 robe
rPois    .         Spirit   .   (helmet restricted)
rElec    .         Reflect  .   (no cloak)
rCorr    .         Harm     .   (no gloves)
MR       .....                  (no boots)
Stlth    ++........             (no amulet)
HPRegen  0.04/turn              (no ring)
MPRegen  0.08/turn              (no ring)

@: no status effects
A: retaliatory headbutt, horns 2
a: no special abilities


You were on level 1 of the Dungeon.
You were not hungry.

You visited 1 branch of the dungeon, and saw 1 of its levels.

You collected 10 gold pieces.

Inventory:

Armour
 a - a +0 robe (worn)
 d - a +0 large shield
Scrolls
 f - 2 scrolls of teleportation {unknown}
Potions
 e - a potion of brilliance {unknown}
Books
 b - a book of Conjurations

   Spells                             Type                      Level
   a - Magic Dart                     Conjuration                  1
   b - Searing Ray                    Conjuration                  2
   c - Dazzling Spray                 Conjuration/Hexes            3
   d - Fulminant Prism                Conjuration/Hexes            4
   e - Force Lance                    Conjuration/Translocation    4
   f - Iskenderun's Mystic Blast      Conjuration                  4
Comestibles
 c - a bread ration


   Skills:
 - Level 2.1 Dodging
 - Level 1.5 Stealth
 + Level 1.6 Spellcasting
 + Level 3.1 Conjurations


You had 2 spell levels left.
You knew the following spells:

 Your Spells              Type           Power        Failure   Level  Hunger
a - Magic Dart            Conj           #...         8%          1    ##.....


Dungeon Overview and Level Annotations

Branches:
Dungeon (1/15)

Altars:


Innate Abilities, Weirdness & Mutations

You reflexively headbutt those who attack you in melee.
You have a pair of horns on your head.


Message History

The hobgoblin barely misses you.
You hit the hobgoblin but do no damage. Your headbutt misses the hobgoblin.
The hobgoblin is heavily wounded.
The hobgoblin barely misses you. You furiously retaliate!
You headbutt the hobgoblin.
You kill the hobgoblin!
You barely miss the goblin. The goblin hits you but does no damage.
You completely miss the goblin. The goblin closely misses you.
You closely miss the goblin. The goblin barely misses you.
You furiously retaliate!
You headbutt the goblin, but do no damage.
You hit the goblin. Your headbutt misses the goblin.
The goblin is moderately wounded.
The goblin hits you.
You closely miss the goblin.
The goblin is moderately wounded.
The goblin hits you.
* * * LOW HITPOINT WARNING * * *
The goblin hits you.
You die...

.............(.. .
...K......#[.#.# ...
#...##..#..#.#..#. ##
#(##........ .. #.###.#..#..#.#..
#+# #.#.##.....#.#.. #.#
########.###.#........##.##
#......#K###†#g###.####...#
#.####.#..##.#.@##.####...#
##.####.#.#.#)........##...##
..............#..######.....####
##.####.#..##.##.###...........##
#.####..#)#..##.'.......<.......
#...)..#...#....###...........##
#######.....###..#####.....####
#.#.#.# ##.....##...## ###...#.#
#.###..#...#


You could see a goblin.

Vanquished Creatures
  A goblin (D:1)
  2 hobgoblins (D:1)
  A frilled lizard (D:1)
  2 kobolds (D:1)
6 creatures vanquished.

Notes
Turn   | Place    | Note
-------+----------+-------------------------------------------
     0 | D:1      | hexaflexagon the Minotaur Conjurer began the quest for the Orb.
     0 | D:1      | Reached XP level 1. HP: 14/14 MP: 1/1
    20 | D:1      | Reached skill level 3 in Conjurations
   217 | D:1      | Slain by a goblin

Vault maps used:
D:1:      evilmike_arrival_plus

Skill      XL: |  1 |
---------------+----+-----
Conjurations   | 3 |  3.1
Dodging        | |  2.1
Stealth        | |  1.5
Spellcasting   | |  1.6

Action                   || total
-------------------------++-------
Melee: Unarmed           ||    23
       Headbutt          ||     2
 Cast: Magic Dart        ||     7
 Stab: Sleeping          ||     1
Armor: Robe              ||     2
Dodge: Dodged            ||    15

Table legend:
 A = Spawn XP
 B = Non-spawn XP
 C = Spawn XP percentage of total XP
 D = Spawn monster count
 E = Non-spawn monster count
 F = Spawn count percentage of total count
 G = Total turns spent on level
                    A         B        C        D         E        F      G
               +---------+---------+-------+---------+---------+-------+---------
         Total |       0 |      10 |   0.0 |       0 |       6 |   0.0 |   217
               +---------+---------+-------+---------+---------+-------+---------
           D:1 |       0 |      10 |   0.0 |       0 |       6 |   0.0 |   217
               +---------+---------+-------+---------+---------+-------+---------
